 Dungeon Crawl Stone Soup version 0.30.1-11-g7821555f0a (webtiles) character file.

Game seed: 9977776827401828825

50 hawla the Conjurer (level 3, 0/26 HPs)
             Began as a Draconian Conjurer on Jan 10, 2024.
             Slain by a goblin
             ... wielding a +0 club
             ... led by Robin
              (2 damage)
             ... on level 2 of the Dungeon.
             The game lasted 00:05:58 (1894 turns).

hawla the Conjurer (Draconian Conjurer)             Turns: 1894, Time: 00:05:58

Health: 0/26       AC:  5    Str:  9    XL:     3   Next: 55%
Magic:  1/6        EV: 12    Int: 20    God:
Gold:   77         SH:  0    Dex:  9    Spells: 3/6 levels left

rFire   . . .        (no weapon)
rCold   . . .        (no shield)
rNeg    . . .        (body armour unavailable)
rPois   .            (helmet restricted)
rElec   .            (no cloak)
rCorr   .            (no gloves)
SInv    .            (no boots)
Will    .....        (no amulet)
Stlth   ++           (no ring)
HPRegen 0.24/turn    (no ring)
MPRegen 0.10/turn

%: no passive effects
@: no status effects
A: AC +5, unfitting armour, cold-blooded, horns 1, stinger 1
a: no special abilities


You were on level 2 of the Dungeon.
You visited 1 branch of the dungeon, and saw 2 of its levels.

You collected 99 gold pieces.
You spent 22 gold pieces at shops.

Inventory:

Wands
 b - a wand of mindburst (15) (quivered)
Scrolls
 a - 2 scrolls of enchant weapon
 c - a scroll of poison
 g - a scroll of teleportation {unknown}
Potions
 d - a potion of heal wounds
 e - a potion of curing


   Skills:
 - Level 1.9 Dodging
 - Level 2.2 Stealth
 - Level 2.2 Spellcasting
 - Level 4.7 Conjurations
 + Level 1.1 Evocations


You had 3 spell levels left.
You knew the following spells:

 Your Spells              Type           Power      Damage    Failure   Level
a - Magic Dart            Conj           84%        1d7       2%          1
b - Searing Ray           Conj           42%        2d6       3%          2

Your spell library contained the following spells:

 Spells                   Type           Power      Damage    Failure   Level
 Sandblast                Erth           4%         2d4       16%         1
 Dazzling Flash           Conj/Hex       22%        N/A       19%         3
 Stone Arrow              Conj/Erth      22%        3d8       19%         3
 Passwall                 Tmut/Erth      1%         N/A       24%         2
 Fulminant Prism          Conj/Hex       5%         3d7       52%         4
 Iskenderun's Mystic Bla  Conj/Tloc      11%        2d4       52%         4


Dungeon Overview and Level Annotations

Branches:
Dungeon (2/15)

Altars:

Shops:
D:1 ?

Annotations:
D:2 Natasha, Robin


Innate Abilities, Weirdness & Mutations

Your plain brown scales are hard. (AC +5)
You cannot fit into any form of body armour.
You are cold-blooded and may be slowed by cold attacks.
You have a pair of small horns on your head.
Your tail ends in a venomous barb.


Message History

A kobold comes into view. It is wielding a +0 hand axe.
The searing ray hits the hobgoblin!
You kill the hobgoblin!
The searing ray misses the goblin.
The searing ray hits Robin.
Robin is heavily wounded.
The searing ray misses the hobgoblin.
The goblin hits you but does no damage.
A goblin comes into view. It is wielding a +0 dagger.
Robin roars a battlecry!
The goblins go into a battle-frenzy!
The goblin barely misses you.
The searing ray hits the hobgoblin!
You kill the hobgoblin!
The searing ray hits the goblin!
You kill the goblin!
The searing ray hits Robin.
Robin is severely wounded.
The searing ray hits the hobgoblin.
You kill the hobgoblin!
You finish channelling your searing ray.
Robin throws the goblin at you! The goblin barely misses you. x2
The goblin hits you with a +0 dagger.
Your Evocations skill increases to level 1!
Unknown command.
As you read the scroll labelled QUSHRY NIMPI, it crumbles to dust.
It is a scroll of enchant weapon.
You aren't carrying any weapons that can be enchanted.
The goblin hits you with a +0 dagger. The goblin barely misses you.
Robin zaps a wand.
The puff of flame misses you.
The puff of flame hits the goblin!
The goblin dies!
You completely miss the goblin. You headbutt the goblin.
You kill the goblin!
The goblin hits you with a +0 club.
There is a stone staircase leading up, spattered with blood here.
Things that are here:
a +0 dagger; a goblin corpse Robin zaps a wand.
The puff of flame hits you!
* * * LOW HITPOINT WARNING * * *
The goblin hits you with a +0 club.
You die...

######### #.......#
############......#.####
#........[.......###....
#.##.##.####†.....#.# #.
##.##.##.#####...##.##
#. .....Kg.g..# ######.#
#. ##.##.##@#.#
####.####. # #.#.#
#.......#. ..# #
#.......#. #.##
...........#. #.
###...!...... #.
#........#. #.
#.......... ..
#.......... #.#.###.###


You could see Robin, a goblin (strong) and a kobold.

Vanquished Creatures
  3 endoplasms
  2 giant cockroaches (D:1)
  9 goblins
  8 hobgoblins
  9 jackals
  A kobold (D:2)
  4 ball pythons (D:1)
  A bat (D:1)
  2 frilled lizards
  2 rats
41 creatures vanquished.

Vanquished Creatures (others)
  A goblin (D:2)
1 creature vanquished.

Grand Total: 42 creatures vanquished

Notes
Turn   | Place    | Note
-------+----------+-------------------------------------------
     0 | D:1      | hawla the Draconian Conjurer began the quest for the Orb.
     0 | D:1      | Reached XP level 1. HP: 14/14 MP: 3/3
   359 | D:1      | Found Boamines's Magic Scroll Boutique.
   362 | D:1      | Bought a scroll of identify for 22 gold pieces
   439 | D:1      | Reached XP level 2. HP: 20/20 MP: 1/5
   492 | D:1      | Learned a level 2 spell: Searing Ray
   512 | D:2      | Gained mutation: Your tail ends in a venomous barb. [potion
                  | of mutation]
   512 | D:2      | Gained mutation: You have a pair of small horns on your
                  | head. [potion of mutation]
   571 | D:2      | Noticed Natasha
  1271 | D:1      | Reached XP level 3. HP: 26/26 MP: 3/6
  1785 | D:2      | Noticed Robin
  1891 | D:2      | Reached skill level 1 in Evocations
  1894 | D:2      | Slain by a goblin

Illustrated notes

Levels and vault maps discovered:
D:1:      dpeg_arrival_radiant, layout_loops_cross, serial_shops,
          nicolae_shop_rolled_up, ebering_dispersal_statue_hall, st_stairs_5,
          minmay_misc_feat_ornament
D:2:      layout_loops_ring, amethyst_killhole, uniq_natasha, uniq_robin

Skill      XL: |  1  2  3 |
---------------+----------+-----
Stealth        | 2 |  2.2
Evocations     | 1 |  1.1
Dodging        | |  1.9
Spellcasting   | |  2.2
Conjurations   | |  4.7

Action                     || total
---------------------------++-------
  Melee: Unarmed           ||    72
         Tailslap          ||    10
         Headbutt          ||     6
         Punch             ||     1
   Cast: Magic Dart        ||    29
         Searing Ray       ||    15
    Use: Potion            ||     4
         Scroll            ||     4
   Stab: Sleeping          ||     1
 Armour: Skin              ||    41
  Dodge: Dodged            ||   106
